 Dungeon Crawl Stone Soup version 0.29-a0-378-gc08b2e8bf8 (webtiles) character file.

Game seed: 12202526130327142540

78 Antichthon the Covered (level 4, -1/29 HPs)
             Began as a Gargoyle Fighter on May 5, 2022.
             Slain by a gnoll
             ... wielding a +0 spear
              (3 damage)
             ... on level 2 of the Dungeon.
             The game lasted 00:01:51 (1361 turns).

Antichthon the Covered (Gargoyle Fighter)           Turns: 1361, Time: 00:01:51

Health: -1/29      AC: 14    Str: 20    XL:     4   Next: 36%
Magic:  4/4        EV:  9    Int: 10    God:
Gold:   52         SH:  4    Dex:  9    Spells: 3/3 levels left

rFire   . . .      SeeInvis .   a - +0 flail
rCold   . . .      Faith    .   c - +0 buckler
rNeg    + . .      Spirit   .   b - +0 scale mail
rPois   ∞          Reflect  .   (no helmet)
rElec   +          Harm     .   (no cloak)
rCorr   .          Rampage  .   (no gloves)
Will    .....                   (no boots)
Stlth   ..........              (no amulet)
HPRegen 0.09/turn               g - +4 ring of protection
MPRegen 0.09/turn               (no ring)

@: no status effects
A: sickness immunity, AC +3, negative energy resistance 1, electricity
resistance, torment resistance 1, petrification resistance
a: no special abilities


You were on level 2 of the Dungeon.
You visited 1 branch of the dungeon, and saw 2 of its levels.

You collected 52 gold pieces.

Inventory:

Hand Weapons
 a - a +0 flail (weapon)
Armour
 b - a +0 scale mail (worn)
 c - a +0 buckler (worn)
Jewellery
 g - a +4 ring of protection (left hand)
Potions
 d - a potion of might
 e - a potion of magic


   Skills:
 * Level 3.8 Fighting
 * Level 2.8 Maces & Flails
 * Level 4.0 Armour
 * Level 0.4 Dodging
 * Level 3.6 Shields
 * Level 0.8 Invocations


You had 3 spell levels left.
You didn't know any spells.
Your spell library was empty.

Dungeon Overview and Level Annotations

Branches:
Dungeon (2/15)

Altars:


Innate Abilities, Weirdness & Mutations

You are immune to sickness and miasma.
Your stone body is resilient. (AC +3)
You are immune to poison.
You resist negative energy. (rN+)
You are resistant to electric shocks. (rElec)
You are resistant to unholy torment.
You are immune to petrification.


Message History

You aren't carrying any scrolls.
Unknown command.
It was a potion of magic.
Magic courses through your body.
The gnoll barely misses you. x2; The gnoll hits you but does no damage.
Unknown command.
It was a potion of curing.
You feel better. The gnoll hits you but does no damage.
You block the gnoll's attack. x2
Unknown command.
The gnoll hits you with a +0 flail.
* * * LOW HITPOINT WARNING * * *
The gnoll hits you but does no damage.
Unknown command.
It was a potion of heal wounds.
You feel much better. You block the gnoll's attack.
The gnoll hits you with a +0 whip. The gnoll closely misses you.
Unknown command.
You hit the gnoll but do no damage. The gnoll hits you with a +0 flail!
The gnoll hits you but does no damage. You block the gnoll's attack.
The gnoll hits you but does no damage. x3
You completely miss the gnoll. You block the gnoll's attack.
The gnoll hits you from afar with a +0 spear.
The gnoll hits you but does no damage.
You closely miss the gnoll. The gnoll closely misses you.
The gnoll hits you but does no damage. You block the gnoll's attack.
You hit the gnoll but do no damage. The gnoll barely misses you. x2
The gnoll hits you with a +0 whip. The gnoll hits you but does no damage.
You block the gnoll's attack. The gnoll hits you with a +0 flail.
* * * LOW HITPOINT WARNING * * *
You closely miss the gnoll. You block the gnoll's attack.
The gnoll hits you with a +0 whip.
* * * LOW HITPOINT WARNING * * *
The gnoll barely misses you.
You barely miss the gnoll. The gnoll closely misses you.
You block the gnoll's attack. The gnoll hits you with a +0 whip.
* * * LOW HITPOINT WARNING * * *
You hit the gnoll.
The gnoll is lightly wounded.
The gnoll hits you but does no damage.
The gnoll hits you from afar with a +0 spear.
You die...

#......... .#.##.#
#>###..... ....#.#
#......... .#).#.#
###########.#....# #
#.... ..# # #...#
#.###### ##########...#
#.g=.>.#
.............###g####.#
#.........)....g@#
#†########†##..###
#.#............#
#.#.###.##.##.## ....#
#.##.##.# #.###
#.#...#.#### #.#
#.......<..####### #.#
#.....#.##........ #.#
####.##.##########


You could see 3 gnolls.

Vanquished Creatures
  Natasha (D:2)
  An adder (D:2)
  2 dart slugs (D:1)
  4 endoplasms
  3 giant cockroaches
  5 goblins
  6 hobgoblins
  5 kobolds
  3 ball pythons (D:1)
  3 bats
  2 frilled lizards (D:1)
  2 rats (D:1)
37 creatures vanquished.

Notes
Turn   | Place    | Note
-------+----------+-------------------------------------------
     0 | D:1      | Antichthon the Gargoyle Fighter began the quest for the
                  | Orb.
     0 | D:1      | Reached XP level 1. HP: 14/14 MP: 1/1
   348 | D:1      | Reached XP level 2. HP: 19/19 MP: 2/2
   864 | D:1      | Reached XP level 3. HP: 24/24 MP: 3/3
  1281 | D:2      | Noticed Natasha
  1286 | D:2      | Killed Natasha
  1287 | D:2      | Reached XP level 4. HP: 29/29 MP: 4/4
  1315 | D:2      | Reached skill level 4 in Armour
  1361 | D:2      | Slain by a gnoll

Illustrated notes

Levels and vault maps discovered:
D:1:      matt_arrival_los_fun, layout_basic, minivault_25
D:2:      layout_loops_ring, uniq_natasha

Skill      XL: |  1  2  3  4 |
---------------+-------------+-----
Armour         | 4 |  4.0
Fighting       | |  3.8
Maces & Flails | |  2.8
Dodging        | |  0.4
Shields        | |  3.6
Invocations    | |  0.8

Action                   |  1- 3 |  4- 6 || total
-------------------------+-------+-------++-------
Melee: Flail             |    96 |    17 ||   113
  Use: Scroll            |     2 |       ||     2
       Potion            |       |     3 ||     3
Armor: Scale mail        |    98 |    19 ||   117
Dodge: Dodged            |    66 |    15 ||    81
Block: Buckler           |    25 |    15 ||    40

Table legend: (Time is in decaauts)
 A = Elapsed time spent in this place.
 B = Non-inter-level travel time spent in this place.
 C = Inter-level travel time spent in this place.
 D = Time resting spent in this place.
 E = Time spent auto-exploring this place.
 F = Levels seen in this place.
 G = Mean time per level.
                   A        B        C        D        E       F      G
               +--------+--------+--------+--------+--------+-----+--------+
         Total |   1395 |   1335 |     60 |      0 |    991 |   2 |  697.5 |
       Dungeon |   1395 |   1335 |     60 |      0 |    991 |   2 |  697.5 |
               +--------+--------+--------+--------+--------+-----+--------+

Top non-repeatable levels by time:
     D:1: 1190 daAuts
     D:2: 204 daAuts
